 Dungeon Crawl Stone Soup version 0.28.0-43-g3370ac3207 (webtiles) character file.

Game seed: 15714650768032144765

102 demenzo the Skirmisher (level 4, -7/49 HPs)
             Began as an Ogre Berserker on Mar 24, 2022.
             Was a Believer of Trog.
             Mangled by an ogre
             ... wielding a +0 giant spiked club
              (34 damage)
             ... on level 3 of the Dungeon.
             The game lasted 00:02:33 (2805 turns).

demenzo the Skirmisher (Ogre Berserker)             Turns: 2805, Time: 00:02:33

Health: -7/49      AC:  3    Str: 23    XL:     4   Next: 77%
Magic:  4/4        EV: 10    Int:  8    God:    Trog [**....]
Gold:   93         SH:  0    Dex:  8    Spells: 3/3 levels left

rFire   + . .      SeeInvis .   a - +0 mace
rCold   . . .      Faith    .   (no shield)
rNeg    . . .      Spirit   .   l - +0 animal skin
rPois   .          Reflect  .   (helmet restricted)
rElec   .          Harm     .   (no cloak)
rCorr   .          Rampage  .   (gloves unavailable)
Will    .....                   (boots unavailable)
Stlth   +.........              (no amulet)
HPRegen 0.16/turn               j - ring of protection from fire
MPRegen 0.09/turn               (no ring)

@: no status effects
A: large, unfitting armour, tough skin 1
a: Renounce Religion, Berserk, Trog's Hand


You were on level 3 of the Dungeon.
You worshipped Trog.
Trog was pleased with you.
You visited 1 branch of the dungeon, and saw 3 of its levels.

You collected 93 gold pieces.

Inventory:

Hand Weapons
 a - a +0 mace (weapon)
 b - the +6 hunting sling of Valour {freeze, rPois rF- Dex+7}
   (You found it on level 2 of the Dungeon)

   Any ammunition fired from it freezes those it strikes, dealing additional
   cold damage.
   It can also slow down cold-blooded creatures.
   Dex:       It affects your dexterity (+7).
   rF:        It makes you vulnerable to fire.
   rPois:     It protects you from poison.
Missiles
 c - 6 atropa-tipped darts (quivered)
 e - 18 sling bullets
 f - 19 arrows
 g - 34 bolts
 m - 25 stones
Armour
 l - a +0 animal skin (worn)
Jewellery
 j - a ring of protection from fire (left hand)
Scrolls
 d - a scroll of brand weapon {unknown}
 h - 3 scrolls of immolation {unknown}
 i - 2 scrolls of identify {unknown}
 k - a scroll of enchant weapon {unknown}
Potions
 n - a potion of degeneration {unknown}


   Skills:
 + Level 4.9 Fighting
 * Level 3.9 Maces & Flails
 + Level 3.3 Dodging


You had 3 spell levels left.
You didn't know any spells.
Your spell library was empty.

Dungeon Overview and Level Annotations

Branches:
Dungeon (3/15)

Altars:

Shops:
D:2 [


Innate Abilities, Weirdness & Mutations

You are too large for most types of armour.
You have tough skin. (AC +1)


Message History

HP restored.
You see here a quokka corpse.
As you open the door, it creaks loudly!
A bat comes into view.
The bat hits you but does no damage. The bat barely misses you.
Found a smoky green potion.
A bat is nearby!
You barely miss the bat. The bat closely misses you. The bat hits you.
The bat closely misses you. The bat barely misses you.
There is an open door here.
A bat is nearby!
The bat hits you but does no damage.
A bat is nearby!
The bat hits you but does no damage.
A bat is nearby!
You closely miss the bat. The bat hits you but does no damage.
The bat barely misses you.
A bat is nearby!
You barely miss the bat. The bat barely misses you.
A bat is nearby!
The bat hits you but does no damage.
A bat is nearby!
You sock the bat!
You kill the bat!
Trog accepts your kill.
n - a smoky green potion No target in view!
You open the door.
There is an open door here.
An ogre comes into view. It is wielding a +0 giant spiked club.
The ogre shouts!
An ogre is nearby!
You barely miss the ogre.
The ogre hits you with a +0 giant spiked club!!
You hit the ogre.
The ogre is lightly wounded.
The ogre hits you with a +0 giant spiked club!!
Ouch! That really hurt!
You die...

##....####.........#
##...# ##.......#.
##.## ##.....## #.#
##...## #.# ##'##
#.# #.# #. #.# ##.##
#@..# #.....O....#
......#...##
#.###....## ####..
..## ###


You could see an ogre.

Vanquished Creatures
  A howler monkey (D:2)
  An adder (D:2)
  3 dart slugs (D:2)
  5 ball pythons (D:1)
  3 endoplasms
  4 giant cockroaches
  3 goblins
  5 hobgoblins
  3 jackals (D:1)
  3 quokkas
  6 bats
  2 frilled lizards
  2 kobolds
  6 rats
47 creatures vanquished.

Notes
Turn   | Place    | Note
-------+----------+-------------------------------------------
     0 | D:1      | demenzo the Ogre Berserker began the quest for the Orb.
     0 | D:1      | Reached XP level 1. HP: 24/24 MP: 1/1
   291 | D:1      | Reached XP level 2. HP: 31/32 MP: 2/2
   932 | D:1      | Reached XP level 3. HP: 20/40 MP: 3/3
  1183 | D:1      | Found a faded altar of an unknown god.
  1608 | D:2      | Identified the +6 hunting sling of Valour {freeze, rPois
                  | rF- Dex+7}
  1699 | D:2      | Reached ** piety under Trog
  1792 | D:2      | Found Gelirir's Antique Armour Emporium.
  2005 | D:2      | Reached XP level 4. HP: 29/49 MP: 4/4
  2802 | D:3      | Noticed an ogre
  2805 | D:3      | Mangled by an ogre

Illustrated notes

Levels and vault maps discovered:
D:1:      amcnicky_arrival_feature_with_door, layout_loops_corners,
          dilly_ecumenical_altar_fadedgnrine, columned_hall_lemuel
D:2:      layout_basic, serial_shops, nicolae_shop_crystal
D:3:      layout_loops_corners, mainiacjoe_overflow_catwalk,
          chequers_temple_overflow_statue_of_worship, serial_bayou,
          serial_bayou_shore_b, serial_bayou_pond_e, serial_bayou_shore_b,
          serial_bayou_lake_a, serial_bayou_shore_b, grunt_decor_fettered,
          uniq_crazy_yiuf_cottage, uniq_sigmund, uniq_ijyb

Skill      XL: |  1  2 |
---------------+-------+-----
Maces & Flails | 3 |  3.9
Dodging        | 3 |  3.3
Fighting       | |  4.9

Action                   |  1- 3 |  4- 6 || total
-------------------------+-------+-------++-------
Melee: Mace              |   113 |    38 ||   151
       Punch             |     1 |     1 ||     2
Invok: Berserk           |     1 |       ||     1
Armor: Animal skin       |    51 |    13 ||    64
Dodge: Dodged            |    58 |    24 ||    82
